 Dungeon Crawl Stone Soup version 0.23.0-3-gf3c87f2 (webtiles) character file.

Game seed: 14079147799044608236

3983 DarkinPup the Skirmisher (level 10, -18/79 HPs)
             Began as a Demonspawn Gladiator on Feb 25, 2019.
             Was an Elder of Okawaru.
             Demolished by an orc knight
             ... wielding a +0 halberd
              (38 damage)
             ... in a bailey.
             The game lasted 00:24:17 (8397 turns).

DarkinPup the Skirmisher (Demonspawn Gladiator)     Turns: 8397, Time: 00:24:17

Health: -18/79     AC: 17    Str: 19    XL:     10   Next: 2%
Magic:  11/13      EV: 20    Int:  9    God:    Okawaru [****..]
Gold:   242        SH:  0    Dex: 23    Spells: 9/9 levels left

rFire    + + .     SeeInvis .   a - +1 long sword
rCold    + . .     Gourm    .   (no shield)
rNeg     + . .     Faith    .   j - +2 scale mail {rF+}
rPois    +         Spirit   .   c - +0 helmet
rElec    .         Reflect  .   E - +2 ratskin cloak {+Rats rPois rN+ Str-1 Int-1 Dex+1}
rCorr    .         Harm     .   G - +0 pair of gloves "Acaututs" {rC+ Str+2}
MR       .....                  (no boots)
Stlth    +++.......             (no amulet)
HPRegen  0.23/turn              N - ring of attention (curse)
MPRegen  0.13/turn              q - ring of poison resistance

@: heroism
A: talons 2, thin skeletal structure 3, demonic guardian 1, fire resistance 1,
strong 1
a: Heroism, Renounce Religion, Evoke Ratskin


You were in a bailey.
You worshipped Okawaru.
Okawaru was greatly pleased with you.
You were not hungry.

You visited 2 branches of the dungeon, and saw 10 of its levels.
You also visited: Bailey.

You collected 615 gold pieces.
You spent 373 gold pieces at shops.

Inventory:

Hand Weapons
 a - a +1 long sword (weapon)
Missiles
 d - 3 throwing nets (quivered)
 O - 52 tomahawks of returning
Armour
 c - a +0 helmet (worn)
 j - a +2 scale mail of fire resistance (worn)
 w - a +2 ring mail of cold resistance
 E - the +2 ratskin cloak (worn) {+Rats rPois rN+ Str-1 Int-1 Dex+1}
   (You found it on level 6 of the Dungeon)

   It affects your strength (-1).
   It affects your intelligence (-1).
   It affects your dexterity (+1).
   It protects you from poison.
   It protects you from negative energy.
 G - the +0 pair of gloves "Acaututs" (worn) {rC+ Str+2}
   (You bought it in a shop on level 6 of the Dungeon)

   It affects your strength (+2).
   It protects you from cold.
 L - the cursed +0 plate armour of Baldness {rElec rN+ Dex+4, unknown}
   (You found it on level 9 of the Dungeon)

   It affects your dexterity (+4).
   It insulates you from electricity.
   It protects you from negative energy.
   It has a curse placed upon it.
Jewellery
 g - a +4 ring of intelligence
 q - a ring of poison resistance (right hand)
 x - an uncursed ring of positive energy
 y - an uncursed ring of positive energy
 F - a +2 ring of intelligence
 N - a cursed ring of attention (left hand)
Wands
 s - a wand of polymorph (20)
 u - a wand of iceblast (21)
 H - a wand of digging (9)
Scrolls
 n - 5 scrolls of remove curse
 o - 3 scrolls of fear
 p - a scroll of amnesia
 r - 6 scrolls of teleportation
 t - a scroll of fog
 v - 4 scrolls of enchant weapon
 C - a scroll of torment {unknown}
 I - a scroll of enchant armour
 J - a scroll of acquirement
 K - a scroll of noise {unknown}
Potions
 e - 3 potions of brilliance
 h - a potion of berserk rage
 i - 7 potions of curing
 k - 2 potions of might
 l - 3 potions of flight
 m - 2 potions of haste
 A - 2 potions of mutation
 B - 11 potions of degeneration
 D - a potion of lignification
 M - a potion of magic
Comestibles
 f - 13 rations


   Skills:
 * Level 7.0(12.0) Fighting
 * Level 6.8(11.8) Long Blades
 - Level 1.7(6.7) Throwing
 * Level 6.1(11.1) Armour
 * Level 6.8(11.8) Dodging
 - Level 0.9(5.9) Stealth
 + Level 4.2 Invocations
 - Level 3.0 Evocations


You had 9 spell levels left.
You didn't know any spells.
Your spell library contained the following spells:

 Spells                   Type           Power        Failure   Level  Hunger
 Shock                    Conj/Air       #...         67%         1    ##.....
 Swiftness                Chrm/Air       #.......     82%         2    ###....
 Static Discharge         Conj/Air       #.......     96%         3    ####...
 Airstrike                Air            #.........   100%        4    #####..
 Lightning Bolt           Conj/Air       #.........   100%        5    ######.


Dungeon Overview and Level Annotations

Branches:
Dungeon (9/15)             Temple (1/1) D:5             Orc (0/2) D:9
   Lair: D:8-11

Altars:
Ashenzari
Cheibriados
Dithmenos
Elyvilon
Fedhas
Gozag
Hepliaklqana
Kikubaaqudgha
Makhleb
Nemelex Xobeh
Okawaru
Qazlal
Ru
Sif Muna
Trog
Uskayaw
Vehumet
Wu Jian
Xom
Yredelemnul
Zin
The Shining One

Shops:
D:6 *   D:9 !


Innate Abilities, Weirdness & Mutations

You have razor-sharp toenails.
You have an unnaturally thin skeletal structure. (Dex +6, Stealth++)
A weak demonic guardian rushes to your aid.
Your flesh is heat resistant. (rF+)
Your muscles are strong. (Str +2)


Message History

The orc knight completely misses you.
You hit the orc knight but do no damage.
You claw the orc knight, but do no damage.
The orc knight is severely wounded.
The orc knight completely misses you.
You hit the orc knight but do no damage.
You claw the orc knight.
The orc knight is severely wounded.
The orc knight hits you with a +0 halberd.
You hit the orc knight but do no damage.
You claw the orc knight, but do no damage.
The orc knight is severely wounded.
You hit the orc knight.
The orc knight is severely wounded.
The orc knight hits you with a +0 halberd!!
* * * LOW HITPOINT WARNING * * *
Unknown command.
You gain the combat prowess of a mighty hero.
The orc knight hits you with a +0 halberd!!!
You die...

##)##'##'###g#
#.###.###.#K# #'# ###
##### ### ### #.###.#
#.#)###.###.#
##†##'##'###'##'##'##
##.....# ##..†..##
###.....#####.....###
#.'..⌠.o'.#.'..∩††'.#
###...)@#####.....###
#....)## ##.....##
#'##'##†###'##'##'##
#.# #.###)')###.###∩#
## ### ##### ### ###


You could see an orc knight.

Vanquished Creatures
  Edmund (D:5)
  A water moccasin (D:9)
  2 ice beasts (D:8)
  2 sky beasts
  An orc warrior (D:8)
  3 phantoms
  2 ogres
  3 centaurs
  A big kobold (D:7)
  2 bullfrogs
  A scorpion (D:8)
  A water moccasin skeleton (D:9)
  3 wights
  2 vampire bats (D:3)
  7 howler monkeys
  4 crimson imps
  A quasit (D:6)
  A jelly (D:8)
  A bullfrog zombie (D:7)
  3 hounds
  2 orc priests (D:8)
  Crazy Yiuf (D:5)
  A bullfrog skeleton (D:7)
  2 centaur skeletons
  Jessica (D:2)
  4 iguanas
  6 orc wizards
  7 worker ants
  3 hell rats (D:6)
  A howler monkey zombie (D:6)
  17 gnolls
  4 river rats (D:6)
  16 adders
  3 shadow imps
  An adder zombie (D:8)
  An adder skeleton (D:9)
  2 worms
  A dart slug (D:1)
  30 orcs
  3 bat skeletons (D:3)
  3 bat zombies (D:3)
  2 giant cockroaches (D:2)
  5 goblins
  19 hobgoblins
  11 jackals
  12 kobolds
  4 quokkas
  7 bats
  4 frilled lizards
  A quokka zombie (D:8)
  16 rats
232 creatures vanquished.

Vanquished Creatures (collateral kills)
  2 ogres (D:8)
  A centaur (D:5)
  A bullfrog (D:7)
  A howler monkey (D:7)
  A crimson imp (D:7)
  A bullfrog skeleton (D:4)
  3 orc wizards
  An orc priest (D:5)
  An iguana (D:9)
  A worker ant (D:7)
  A gnoll (D:4)
  An adder (D:7)
  An ooze (D:7)
  A kobold (D:7)
17 creatures vanquished.

Vanquished Creatures (others)
  A rat (D:6)
1 creature vanquished.

Grand Total: 250 creatures vanquished

Notes
Turn   | Place    | Note
-------+----------+-------------------------------------------
     0 | D:1      | DarkinPup the Demonspawn Gladiator began the quest for the
                  | Orb.
     0 | D:1      | Reached XP level 1. HP: 16/16 MP: 1/1
   270 | D:1      | Gained mutation: You have a somewhat thin skeletal
                  | structure. (Dex +2, Stealth) [demonic ancestry]
   270 | D:1      | Reached XP level 2. HP: 17/22 MP: 2/2
  1099 | D:2      | Reached skill level 1 in Armour
  1120 | D:2      | Reached XP level 3. HP: 17/28 MP: 3/3
  1369 | D:2      | Noticed Jessica
  1375 | D:2      | Killed Jessica
  1920 | D:3      | Gained mutation: You have sharp toenails. [demonic
                  | ancestry]
  1920 | D:3      | Reached XP level 4. HP: 30/34 MP: 4/4
  2034 | D:3      | Found a shattered altar of Ashenzari.
  2171 | D:3      | Found an ancient bone altar of Kikubaaqudgha.
  2176 | D:3      | Reached skill level 3 in Fighting
  2178 | D:3      | Gained mutation: A weak demonic guardian rushes to your
                  | aid. [demonic ancestry]
  2178 | D:3      | Reached XP level 5. HP: 41/41 MP: 5/5
  2511 | D:3      | Found a snail-covered altar of Cheibriados.
  2686 | D:3      | Found a white marble altar of Elyvilon.
  2687 | D:3      | Found an opulent altar of Gozag.
  2985 | D:4      | Gained mutation: You have a moderately thin skeletal
                  | structure. (Dex +4, Stealth+) [demonic ancestry]
  2985 | D:4      | Reached XP level 6. HP: 34/47 MP: 6/6
  3425 | D:5      | Entered Level 5 of the Dungeon
  3425 | D:5      | Found a staircase to the Ecumenical Temple.
  3434 | Temple   | Entered the Ecumenical Temple
  3522 | Temple   | Became a worshipper of Warmaster Okawaru
  3567 | D:5      | Noticed Edmund
  3635 | D:5      | Killed Edmund
  3937 | D:5      | Reached skill level 4 in Fighting
  3962 | D:5      | Found a blossoming altar of Fedhas.
  3983 | D:5      | Reached XP level 7. HP: 51/54 MP: 7/7
  4195 | D:5      | Reached * piety under Okawaru
  4391 | D:5      | Found a runed translucent door.
  4392 | D:5      | Noticed Crazy Yiuf
  4401 | D:5      | Killed Crazy Yiuf
  4979 | D:6      | Found the +2 ratskin cloak {+Rats rPois rN+ Str-1 Int-1
                  | Dex+1}
  5330 | D:6      | Found Byraagil's General Store.
  5338 | D:6      | Bought the cursed +0 pair of gloves "Acaututs" {rC+ Str+2}
                  | for 275 gold pieces
  5338 | D:6      | Bought a scroll of identify for 28 gold pieces
  5364 | D:6      | Reached skill level 5 in Long Blades
  5364 | D:6      | Reached skill level 5 in Dodging
  5364 | D:6      | Gained mutation: Your flesh is heat resistant. (rF+)
                  | [demonic ancestry]
  5364 | D:6      | Reached XP level 8. HP: 57/61 MP: 8/8
  5614 | D:6      | Reached skill level 5 in Fighting
  5784 | D:6      | Reached skill level 1 in Invocations
  6088 | D:7      | Reached ** piety under Okawaru
  6116 | D:7      | Reached skill level 1 in Evocations
  6433 | D:7      | Gained mutation: You have an unnaturally thin skeletal
                  | structure. (Dex +6, Stealth++) [demonic ancestry]
  6433 | D:7      | Reached XP level 9. HP: 69/69 MP: 10/10
  6475 | D:7      | Reached *** piety under Okawaru
  6475 | D:7      | Reached skill level 6 in Fighting
  6475 | D:7      | Reached skill level 5 in Armour
  6543 | D:7      | Found a shimmering altar of Xom.
  6853 | D:8      | Found a sacrificial altar of Ru.
  7753 | D:9      | Got a bloodstained plate armour
  7799 | D:9      | Identified a scroll of acquirement
  7838 | D:9      | Reached **** piety under Okawaru
  7859 | D:9      | Found Toptej's Distillery.
  7880 | D:9      | Bought a potion of heal wounds for 70 gold pieces
  7960 | D:9      | Reached skill level 7 in Fighting
  8038 | D:9      | Found a staircase to the Orcish Mines.
  8118 | D:9      | Found a flagged portal.
  8152 | Bailey   | Entered a bailey
  8195 | Bailey   | Reached XP level 10. HP: 76/79 MP: 13/13
  8347 | Bailey   | Noticed an orc knight
  8372 | Bailey   | Gained mutation: You have razor-sharp toenails. [potion of
                  | mutation]
  8372 | Bailey   | Gained mutation: Your muscles are strong. (Str +2) [potion
                  | of mutation]
  8397 | Bailey   | Demolished by an orc knight

Skill      XL: |  1  2  3  4  5  6  7  8  9 |
---------------+----------------------------+-----
Dodging        | 3 4 5 6 |  6.8
Long Blades    | 3 4 5 6 |  6.8
Armour         | 1 2 3 4 6 |  6.1
Fighting       | 3 4 5 7 |  7.0
Invocations    | 2 4 |  4.2
Evocations     | 1 3 |  3.0
Throwing       | |  1.7
Stealth        | |  0.9

Action                   |  1- 3 |  4- 6 |  7- 9 | 10-12 || total
-------------------------+-------+-------+-------+-------++-------
Melee: Long sword        |    89 |   128 |   492 |    46 ||   755
       Kick              |       |    55 |   243 |    29 ||   327
       Unarmed           |       |     3 |       |       ||     3
Invok: Heroism           |       |       |       |     2 ||     2
  Use: Scroll            |     5 |     2 |    10 |     3 ||    20
       Potion            |       |       |       |     3 ||     3
 Stab: Sleeping          |     4 |     4 |    10 |       ||    18
  Eat: Chunk             |     1 |     2 |    14 |       ||    17
       Ration            |     1 |     1 |     1 |       ||     3
Armor: Leather armour    |    43 |    22 |       |       ||    65
       Chain mail        |       |    22 |    83 |       ||   105
       Scale mail        |       |       |   185 |     7 ||   192
Dodge: Dodged            |    93 |    97 |   342 |    57 ||   589
       Rpst.: Long sword |    35 |    25 |    97 |     9 ||   166
